 Dungeon Sprint DCSS version 0.31-a0-277-g31ea1f65cc (webtiles) character file.

Game seed: 9266981695156950771

836 dialectric the Basher (level 7, -3/45 HPs)
             Began as a Gargoyle Fighter on July 15, 2023.
             Slain by a neqoxec (11 damage)
             ... in the Dungeon (Sprint II: "The Violet Keep of Menkaure").
             The game lasted 00:01:00 (135 turns).

dialectric the Basher (Gargoyle Fighter)             Turns: 135, Time: 00:01:01

Health: -3/45      AC: 13    Str: 21      XL:     7   Next: 99%
Magic:  7/7        EV: 10    Int:  5 (9)  God:
Gold:   243        SH:  0    Dex:  9      Spells: 6/6 levels left

rFire   . . .        a - +0 flail
rCold   . . .        (no shield)
rNeg    + . .        b - +0 scale mail
rPois   ∞            (no helmet)
rElec   +            (no cloak)
rCorr   .            (no gloves)
SInv    .            (no boots)
Will    .....        (no amulet) Stlth
                     (no ring)
HPRegen 0.27/turn    (no ring)
MPRegen 0.10/turn

%: no teleportation
@: on berserk cooldown, slowed, very slow
A: sickness immunity, AC +4, negative energy resistance 1, electricity
resistance, torment resistance 1, petrification resistance, deterioration 1,
frail 1
a: no special abilities


You were in the Dungeon.
You visited 1 branch You collected 243 gold pieces.

Inventory:

Hand Weapons
 a - a +0 flail (weapon)
Armour
 b - a +0 scale mail (worn)
 c - a +0 buckler
Scrolls
 j - a scroll of blinking
Potions
 g - a potion of haste
 h - 2 potions of magic


   Skills:
 + Level 9.5 Fighting
 * Level 11.0 Maces & Flails
 + Level 10.0 Armour
 - Level 3.0 Dodging
 - Level 5.4 Shields


You had 6 spell levels left.
You didn't know any spells.
Your spell library was empty.

Dungeon Overview and Level Annotations

Branches:
Dungeon (1/1)

Altars:

Shops:
D ![=[=:=?((!


Innate Abilities, Weirdness & Mutations

You are immune to sickness and miasma.
Your stone body is resilient. (AC +4)
You are immune to poison.
You resist negative energy. (rN+)
You are resistant to electric shocks. (rElec)
You are resistant to unholy torment.
You are immune to petrification.
Your body sometimes deteriorates upon taking damage.
You are frail. (-10% HP)


Message History

You are exhausted.
You feel yourself slow down. The neqoxec hits you.
* * * LOW HITPOINT WARNING * * *
You barely miss the neqoxec. The neqoxec gestures at you.
Strange energies course through your body.
You feel yourself wasting away.
You hit the neqoxec.
The neqoxec is lightly wounded.
The neqoxec barely misses you.
You barely miss the neqoxec.
The neqoxec is lightly wounded.
The neqoxec hits you but does no damage. x2
You barely miss the neqoxec.
The neqoxec is lightly wounded.
The neqoxec gestures at you.
You feel dopey. Something feeds on your intellect!
You closely miss the neqoxec. The neqoxec barely misses you.
You hit the neqoxec.
The neqoxec is lightly wounded.
The neqoxec gestures at you.
Something tries to feed on your intellect!
You hit the neqoxec.
The neqoxec is lightly wounded.
The neqoxec hits you but does no damage.
You completely miss the neqoxec.
The neqoxec is lightly wounded.
The neqoxec gestures at you.
Something tries to feed on your intellect!
The neqoxec hits you.
* * * LOW HITPOINT WARNING * * *
You barely miss the neqoxec.
The neqoxec is lightly wounded.
The neqoxec hits you.
* * * LOW HITPOINT WARNING * * *
You hit the neqoxec but do no damage.
The neqoxec is lightly wounded.
The neqoxec hits you!
You die...

..∩.∩#~~~~.##'##..#
.∩.∩.#~~~~##.#.##
∩.∩..#~~~ #..#..#
.∩...#~~#####.### #
∩....#~##.###†# .##
.∩...#~#...##.##B..#
+~'##$†.<.+#
.∩.∩.#~#.####.##B.$#
▓▓▓###~##.# #@# .##
######~ ####.3.# #
## #..##.# ### ##


You could see a neqoxec.

Vanquished Creatures
  3 neqoxecs (D)
  2 water moccasins (D)
  4 scorpions (D)
  3 worms (D)
12 creatures vanquished.

Notes
Turn   | Place    | Note
-------+----------+-------------------------------------------
     0 | D        | dialectric the Gargoyle Fighter began the quest for the
                  | Orb.
     0 | D        | Reached XP level 1. HP: 14/14 MP: 1/1
    15 | D        | Reached XP level 2. HP: 20/20 MP: 2/2
    19 | D        | Found Siustroix's Antique Weapon Emporium.
    20 | D        | Found Wudil's Book Shoppe.
    20 | D        | Found Feuwo's Jewellery Emporium.
    20 | D        | Found Goapeaphutz's Antique Armour Shoppe.
    20 | D        | Found Qeissa Honn's Antique Armour Shoppe.
    20 | D        | Found Bupev's Magic Scroll Shoppe.
    20 | D        | Found Liliuq's Distillery.
    20 | D        | Found Dewnisuu's Antique Weapon Shoppe.
    20 | D        | Found Deunoth's Jewellery Emporium.
    20 | D        | Found Qerphont's Distillery.
    20 | D        | Found Rischim's Jewellery Emporium.
    33 | D        | Noticed a scorpion
    33 | D        | Noticed a scorpion
    36 | D        | Killed a scorpion
    37 | D        | Reached skill level 5 in Fighting
    37 | D        | Reached skill level 3 in Maces & Flails
    37 | D        | Reached skill level 5 in Armour
    37 | D        | Reached skill level 5 in Shields
    37 | D        | Reached XP level 3. HP: 27/27 MP: 3/3
    37 | D        | Reached XP level 4. HP: 32/32 MP: 4/4
    42 | D        | Killed a scorpion
    43 | D        | Reached skill level 4 in Maces & Flails
    43 | D        | Reached skill level 1 in Dodging
    43 | D        | Reached XP level 5. HP: 21/37 MP: 5/5
    58 | D        | Reached skill level 5 in Maces & Flails
    66 | D        | Reached skill level 6 in Maces & Flails
    66 | D        | Reached XP level 6. HP: 16/44 MP: 6/6
    72 | D        | Noticed a water moccasin
    74 | D        | Noticed a water moccasin
    82 | D        | Killed a water moccasin
    83 | D        | Reached skill level 7 in Maces & Flails
    90 | D        | Killed a water moccasin
    91 | D        | Reached skill level 8 in Maces & Flails
    91 | D        | Reached XP level 7. HP: 38/50 MP: 7/7
    98 | D        | Noticed a boulder beetle
    98 | D        | Noticed a boulder beetle
   101 | D        | Noticed a neqoxec
   101 | D        | Noticed a neqoxec
   101 | D        | Noticed a neqoxec
   101 | D        | Noticed a neqoxec
   115 | D        | Killed a neqoxec
   116 | D        | Reached skill level 9 in Maces & Flails
   116 | D        | Gained mutation: You are frail. (-10% HP) [a neqoxec]
   119 | D        | Killed a neqoxec
   120 | D        | Reached skill level 10 in Maces & Flails
   123 | D        | Killed a neqoxec
   124 | D        | Reached skill level 11 in Maces & Flails
   124 | D        | Reached skill level 10 in Armour
   126 | D        | Gained mutation: Your body sometimes deteriorates upon
                  | taking damage. [a neqoxec]
   135 | D        | Slain by a neqoxec

Illustrated notes

Levels and vault maps discovered:
D:        the_violet_keep_of_menkaure [sprint2_stairs_cluster_1,
          sprint2_shoproom, sprint2_temple, sprint2_basic_supplies,
          sprint2_obstacle_2, sprint2_obstacle_1, sprint2_obstacle_5,
          sprint2_obstacle_4, sprint2_obstacle_7, sprint2_timed_cluster_1,
          sprint2_smallroom_cluster_1, sprint2_smallroom_final_cluster_1,
          sprint2_transparent_cluster_1, sprint2_second_timed_cluster_1,
          sprint2_sniper_area_1, sprint2_heavy_combat_area_1,
          sprint2_mutation_trap_area_1, sprint2_forest_area_1,
          sprint2_light_combat_area_1, sprint2_behind_water_1,
          sprint2_near_end_vault_1]

Skill      XL: |  1  2  3  4  5  6  7 |
---------------+----------------------+-----
Fighting       | 4 5 6 7 8 9 |  9.5
Armour         | 4 5 6 7 9 10 | 10.0
Shields        | 5 |  5.4
Maces & Flails | 3 4 6 8 11 | 11.0
Dodging        | 1 3 |  3.0

Action                     |  1- 3 |  4- 6 |  7- 9 || total
---------------------------+-------+-------+-------++-------
  Melee: Flail             |     8 |    42 |    32 ||    82
         Punch             |       |       |     1 ||     1
    Use: Potion            |     1 |     2 |     1 ||     4
 Armour: Scale mail        |     2 |    23 |     4 ||    29
  Dodge: Dodged            |     1 |    21 |     4 ||    26

Table legend: (Time is in decaauts)
 A = Elapsed time spent in this place.
 B = Non-inter-level travel time spent in this place.
 C = Inter-level travel time spent in this place.
 D = Time resting spent in this place.
 E = Time spent auto-exploring this place.
 F = Levels seen in this place.
 G = Mean time per level.
                   A        B        C        D        E       F      G
               +--------+--------+--------+--------+--------+-----+--------+
         Total |    136 |    136 |      0 |      0 |      0 |   1 |  136.0 |
       Dungeon |    136 |    136 |      0 |      0 |      0 |   1 |  136.0 |
               +--------+--------+--------+--------+--------+-----+--------+

Top non-repeatable levels by time:
       D: 136 daAuts
